 Dungeon Crawl Stone Soup version 0.20.1-1-g8b1a95d (webtiles) character file.

205 Energizer the Slasher (level 5, 0/46 HPs)
             Began as a Demonspawn Chaos Knight on July 19, 2017.
             Slain by an orc wizard
             ... wielding a +0 dagger
              (1 damage)
             ... on level 3 of the Dungeon.
             The game lasted 00:08:08 (3364 turns).

Energizer the Slasher (Demonspawn Chaos Knight)     Turns: 3364, Time: 00:08:09

Health: 0/46       AC:  4    Str: 13    XL:     5   Next: 53%
Magic:  5/5        EV: 15    Int: 14    God:    Xom [..*...]
Gold:   168        SH:  0    Dex: 17    Spells: 4/4 levels left

rFire    . . .     SeeInvis .   a - +0 falchion (chaos)
rCold    . . .     Gourm    .   (no shield)
rNeg     . . .     Faith    .   k - +0 scale mail
rPois    .         Spirit   .   (no helmet)
rElec    .         Reflect  .   i - +0 cloak
rCorr    .         Harm     .   (no gloves)
MR       .....                  (no boots)
Stlth    +++.......             (no amulet)
Regen    0.2/turn               (no ring)
MPRegen  0.1/turn               (no ring)

@: agile
A: deformed body, nightstalker 1, robust 1
a: Renounce Religion


You were on level 3 of the Dungeon.
You worshipped Xom.
You were a toy of Xom.
You were not hungry.

You visited 1 branch of the dungeon, and saw 3 of its levels.

You collected 168 gold pieces.

Inventory:

Hand Weapons
 a - a +0 falchion of chaos (weapon)
 v - a +4 battleaxe
Armour
 i - a +0 cloak (worn)
 k - a +0 scale mail (worn)
 l - a cursed +0 robe
Jewellery
 j - a +1 ring of evasion {unknown}
 p - an uncursed ring of resist corrosion {unknown}
 r - an uncursed ring of fire {unknown}
Wands
 s - a wand of confusion (17/48)
Scrolls
 b - 2 scrolls of teleportation {unknown}
 g - 5 scrolls of remove curse {unknown}
 h - 4 scrolls of identify {unknown}
 m - 2 scrolls of amnesia {unknown}
 q - 2 scrolls of magic mapping {unknown}
Potions
 d - a potion of agility {unknown}
 e - a potion of brilliance {unknown}
 f - a potion of ambrosia {unknown}
 o - a potion of heal wounds {unknown}
 t - 3 potions of curing
 u - a potion of degeneration {unknown}
Comestibles
 c - 2 bread rations
 n - 8 chunks of flesh
 w - a meat ration


   Skills:
 + Level 3.7 Fighting
 * Level 4.0 Long Blades
 + Level 2.5 Armour
 + Level 2.1 Dodging
 + Level 2.0 Stealth


You had 4 spell levels left.
You didn't know any spells.

Dungeon Overview and Level Annotations

Branches:
Dungeon (3/15)

Altars:
Makhleb
Xom
Yredelemnul
The Shining One


Innate Abilities, Weirdness & Mutations

You are slightly more attuned to the shadows.
Armour fits poorly on your strangely shaped body.
You are robust. (+10% HP)


Message History

The orc wizard is moderately wounded.
The orc wizard barely misses you.
You riposte.
You hit the orc wizard but do no damage.
The orc wizard seems to slow down.
The orc wizard is moderately wounded.
You hit the orc wizard but do no damage.
The orc wizard is poisoned.
The orc wizard is moderately wounded.
The orc wizard points at you and mumbles some strange words.
The magic dart hits you!
* * * LOW HITPOINT WARNING * * *
You miss the orc wizard.
The orc wizard is moderately wounded.
The orc wizard completely misses you.
You hit the orc wizard but do no damage.
The orc wizard is moderately wounded.
You closely miss the orc wizard.
The orc wizard is moderately wounded.
The orc wizard hits you with a dagger.
You die...

.# #.##.##.## #.# .##
#......... ..# ..# ###..####
#.# ..# #.## #.# ##.# ..#
###.#### #.####.##...# ..#
#..รท...# ###).....##...##
..######.#.##.##
#.....###.......
......<#.#.....###r....#
#.......
........#.##.#..@oo....#
#....... .......#.#
#...###r....# #.#....<
..###########.####.....#
#.#...#. ..#
#.......#########.##.##. ..#
#.##.##.##.............. ..#
#.##....##..####.###.### ..###
#.##..#.##..####.###.# ....#
####.###(...............#
(.#.###.......##.##..####.#####


You could see an orc wizard, an orc, a quokka and a rat.

Vanquished Creatures
  An orc priest (D:3)
  Jessica (D:2)
  4 adders
  An ooze (D:3)
  A worm (D:2)
  2 dart slugs
  A leopard gecko (D:2)
  9 orcs (D:3)
  7 giant cockroaches
  6 goblins
  11 hobgoblins
  11 jackals (D:3)
  2 ball pythons (D:2)
  9 bats
  2 frilled lizards
  7 kobolds
  14 rats
89 creatures vanquished.

Notes
Turn   | Place    | Note
-------+----------+-------------------------------------------
     0 | D:1      | Energizer the Demonspawn Chaos Knight began the quest for the Orb.
     0 | D:1      | Reached XP level 1. HP: 18/18 MP: 1/1
   181 | D:1      | Reached skill level 1 in Dodging
   230 | D:1      | Found a hazy altar of Hepliaklqana.
   234 | D:1      | Found a shimmering altar of Xom.
   234 | D:1      | Found a glowing golden altar of the Shining One.
   236 | D:1      | Found a burning altar of Makhleb.
   236 | D:1      | Found a basalt altar of Yredelemnul.
   236 | D:1      | Found a shimmering altar of Xom.
   278 | D:1      | Gained mutation: You are slightly more attuned to the shadows. [demonic ancestry]
   278 | D:1      | Reached XP level 2. HP: 18/24 MP: 2/2
   440 | D:1      | XOM: harmless Summ miscast
   641 | D:2      | Noticed Jessica
   647 | D:2      | XOM: cast spell 'Olgreb's Toxic Radiance'
   651 | D:2      | Killed Jessica
   651 | D:2      | Reached skill level 3 in Long Blades
   651 | D:2      | Reached skill level 1 in Stealth
   651 | D:2      | Reached XP level 3. HP: 12/29 MP: 3/3
   836 | D:2      | XOM: divination: magic mapping
  1060 | D:2      | XOM: mild Tloc miscast
  1250 | D:2      | XOM: harmless Fire miscast
  1329 | D:2      | Reached XP level 4. HP: 35/35 MP: 4/4
  1485 | D:2      | XOM: mild Hex miscast
  1513 | D:2      | XOM: harmless Necr miscast
  1539 | D:2      | XOM: god gift: wooden ring {god gift}
  1967 | D:3      | XOM: divination: detect creatures
  2000 | D:3      | XOM: smoke on damage
  2419 | D:3      | XOM: noise
  2422 | D:3      | XOM: fog
  2472 | D:3      | XOM: god gift: glowing battleaxe {god gift}
  2480 | D:3      | XOM: give mutations
  2480 | D:3      | Gained mutation: Armour fits poorly on your strangely shaped body. [Xom's mischief]
  2480 | D:3      | Gained mutation: You are robust. (+10% HP) [Xom's mischief]
  2846 | D:2      | XOM: mild Air miscast
  2853 | D:2      | Reached XP level 5. HP: 37/45 MP: 5/5
  2922 | D:3      | XOM: potion effect (berserk rage)
  3230 | D:3      | XOM: cloud trail
  3243 | D:3      | Reached skill level 4 in Long Blades
  3273 | D:3      | XOM: harmless Chrm miscast
  3344 | D:3      | XOM: potion effect (agility)
  3347 | D:3      | XOM: silly message
  3358 | D:3      | HP: 2/46 [orc wizard/puff of flame (9)]
  3364 | D:3      | Slain by an orc wizard

Skill      XL: |  1  2  3  4  5 |
---------------+----------------+-----
Dodging        | 1 2 |  2.1
Armour         | 2 |  2.5
Long Blades    | 3 4 |  4.0
Stealth        | 1 2 |  2.0
Fighting       | |  3.7

Action                   |  1- 3 |  4- 6 || total
-------------------------+-------+-------++-------
Melee: Falchion          |    89 |   212 ||   301
  Use: Potion            |       |     1 ||     1
 Stab: Sleeping          |     2 |     2 ||     4
       Paralysed         |       |     1 ||     1
  Eat: Chunk             |     1 |     7 ||     8
Armor: Leather armour    |    25 |       ||    25
       Scale mail        |    16 |   107 ||   123
Dodge: Dodged            |    51 |   131 ||   182
       Rpst.: Falchion   |    12 |    45 ||    57
